 Dungeon Crawl Stone Soup version 0.18-a0-705-g580043c (webtiles) character file.

141 Raultor the Ruffian (level 5, -1/53 HPs)
             Began as a Troll Monk on Dec 7, 2015.
             Killed by divine providence
             ... invoked by an orc priest
              (16 damage)
             ... on level 4 of the Dungeon.
             The game lasted 00:05:54 (2077 turns).

Raultor the Ruffian (Troll Monk)                    Turns: 2077, Time: 00:05:54

Health: -1/53      AC:  6    Str: 20    XL:     5   Next: 3%
Magic:  4/4        EV: 10    Int:  6    God:
Gold:   100        SH:  0    Dex: 12    Spells: 0 memorised, 4 levels left

rFire  . . .     SeeInvis .       - Unarmed
rCold  . . .     Clarity  +     a - +1 robe
rNeg   . . .     SustAt   .     (no shield)
rPois  .         Gourm    +     (helmet restricted)
rElec  .         Spirit   .     (no cloak)
rCorr  .         Dismiss  .     (gloves unavailable)
rMut   .         Stasis   .     (boots unavailable)
MR     .....                    x - amulet of clarity {Clar, !d}
Stlth  +.........               (no ring)
                                (no ring)

@: not resistant to hostile enchantments, very unstealthy
A: unfitting armour, claws 3, fast metabolism 3, gourmand, regeneration 2,
shaggy fur 1, tough skin 2
a: no special abilities


You were on level 4 of the Dungeon.
You were very full.

You visited 1 branch of the dungeon, and saw 4 of its levels.

You collected 100 gold pieces.

Inventory:

Armour
 a - a +1 robe (worn)
Jewellery
 x - an amulet of clarity (around neck) {Clar, !d}
   (You found it on level 4 of the Dungeon)
Scrolls
 d - 2 scrolls of enchant armour
 e - 9 scrolls of identify
 g - a scroll of teleportation
 j - a scroll of noise {!r}
 l - 2 scrolls of fog
 o - 2 scrolls of enchant weapon {unknown}
 p - 2 scrolls of immolation {unknown}
 q - 2 scrolls of blinking {unknown}
 r - a scroll of fear {unknown}
 t - a scroll of remove curse
 w - a scroll of recharging {unknown}
Potions
 c - a potion of beneficial mutation {unknown}
 h - 2 potions of agility {unknown}
 i - a potion of degeneration {unknown}
 k - 3 potions of curing {unknown}
 m - 2 potions of flight {unknown}
 v - a potion of heal wounds {unknown}
Comestibles
 b - 4 bread rations {@e1}
 f - 3 fruits
 n - 3 chunks of flesh {@w0}
 s - 2 meat rations {@e2}
 u - 3 beef jerkies


   Skills:
 + Level 3.1 Fighting
 + Level 1.4 Armour
 + Level 3.0 Dodging
 - Level 1.1 Stealth
 * Level 5.0 Unarmed Combat


You had 4 spell levels left.
You didn't know any spells.

Dungeon Overview and Level Annotations

Branches:
Dungeon (4/15)
 Temple: D:4-7

Altars:
Makhleb
Nemelex Xobeh
Ru
Vehumet


Innate Abilities, Weirdness & Mutations

You are too large for most types of armour.
You have claws for hands.
Your metabolism is lightning-fast.
You like to eat raw meat.
You heal very quickly.
You are covered in fur (AC +1).
You have very tough skin (AC +2).


Message History

You closely miss the adder. The adder closely misses you.
You miss the adder. The adder bites you but does no damage.
You claw the adder!
You kill the adder!
Your Dodging skill increases to level 3!
Your Unarmed Combat skill increases to level 5!
No target in view!
No target in view! 2 jackals come into view.
The jackal barks!
You see here an adder corpse.
You butcher the adder corpse.
The jackal barks!
You see here a chunk of flesh {@w0}.
There are monsters nearby!
You hear the slow rusting of a drain nearby.
The jackal bites you.
Found a stone staircase leading down.
You take 2 damage, and have 43/45 hp.
You claw the jackal!
You kill the jackal!
You closely miss the jackal. The jackal closely misses you.
The jackal bites you but does no damage.
You closely miss the jackal. The jackal closely misses you.
You claw the jackal!
You kill the jackal!
Health restored: 45 No target in view!
n - 3 chunks of flesh {@w0} (gained 1)
A goblin comes into view. It is wielding a club.
The goblin shouts!
You see here a glowing soapstone amulet.
The goblin misses you.
You scratch the goblin. The goblin hits you with a club.
You take 4 damage, and have 41/45 hp.
You miss the goblin. You claw the goblin.
You kill the goblin!
No target in view!
No target in view!
x - a glowing soapstone amulet Put on which piece of jewellery? (? for menu, Esc to quit)
x - an amulet of clarity (around neck)
k - 3 puce potions (gained 1)
Things that are here:
a club; a goblin corpse You regained 2 hp, and now have 44/45 hp.
Found a stone staircase leading up.
Health restored: 45 You now have 100 gold pieces (gained 13).
A giant newt comes into view.
A giant newt is nearby!
You claw the giant newt!
You kill the giant newt!
No target in view!
No target in view!
p - 2 scrolls labeled ASCHUSS ICEATEORGHER (gained 1)
You hear the slow rusting of a drain nearby.
A jackal and an orc come into view.
A jackal and an orc come into view.
An orc and an orc priest come into view.
The orc shouts!
An orc comes into view. It is wielding a flail.
The orc shouts!
The jackal barks!
The orc misses you.
The orc priest shouts!
You scratch the orc but do no damage. The orc barely misses you.
You closely miss the orc. The orc hits you but does no damage.
You closely miss the orc. The orc closely misses you.
You scratch the orc.
You kill the orc!
The jackal bites you but does no damage.
You scratch the jackal but do no damage.
The jackal bites you but does no damage.
You claw the jackal!
You kill the jackal!
You have reached level 5!
The orc priest mumbles some strange prayers to Beogh against you.
Something smites you!
The orc hits you from afar with a trident.
You hear a bark!
You take 11 damage, and have 34/53 hp.
MASSIVE DAMAGE!!
MP restored: 4 The orc priest invokes the aid of Beogh against you.
Something smites you! The orc misses you.
You take 9 damage, and have 31/53 hp.
You claw the orc!
You kill the orc!
The jackal closely misses you.
You closely miss the jackal. The jackal bites you.
You take 1 damage, and have 31/53 hp.
You claw the jackal!
You kill the jackal!
The orc priest mumbles some strange prayers to Beogh against you.
Something smites you!
* * * LOW HITPOINT WARNING * * *
You take 17 damage, and have 14/53 hp.
MASSIVE DAMAGE!!
The orc priest mumbles some strange prayers to Beogh against you.
Something smites you!
You die...

###.o.# #....#..# ###o##
#...#.## #..####......
#############.......#.#
..<.........##.......#..
+....#####..#.#........
#....# ##.oo...##..#.
#...#### ###o##.# .#
#......# #@# .#
#...##.#####.# .#
##....#.......# .#
#.....######..# .#
##....# #..# .##
#..#.### #..# ...
#####......####†.#....
.........)......).....
#...........#.........


You could see an orc priest and 2 orcs.

Vanquished Creatures
  Terence (D:2)
  5 adders
  2 worms
  2 giant geckos
  7 orcs
  4 giant cockroaches
  8 goblins
  5 hobgoblins (D:1)
  6 jackals
  A ball python (D:1)
  6 bats
  4 giant newts
  3 kobolds
  A quokka (D:1)
  4 rats
59 creatures vanquished.

Notes
Turn   | Place    | Note
--------------------------------------------------------------
     0 | D:1      | Raultor the Troll Monk began the quest for the Orb.
     0 | D:1      | Reached XP level 1. HP: 22/22 MP: 0/0
   165 | D:1      | Reached XP level 2. HP: 29/29 MP: 1/1
   725 | D:2      | Noticed Terence
   739 | D:2      | Reached XP level 3. HP: 13/36 MP: 2/2
   849 | D:2      | Killed Terence
   916 | D:2      | Reached skill level 1 in Armour
   916 | D:2      | Reached XP level 4. HP: 41/44 MP: 3/3
  1169 | D:2      | Found a sparkling altar of Nemelex Xobeh.
  1271 | D:3      | Found a burning altar of Makhleb.
  1437 | D:3      | Found a faded altar to an unknown god.
  1477 | D:3      | Found a sacrificial altar of Ru.
  1501 | D:3      | Reached skill level 3 in Fighting
  1827 | D:3      | Found a radiant altar of Vehumet.
  1984 | D:4      | Reached skill level 3 in Dodging
  1984 | D:4      | Reached skill level 5 in Unarmed Combat
  2059 | D:4      | Reached XP level 5. HP: 53/53 MP: 4/4
  2077 | D:4      | Killed from afar by an orc priest

Vault maps used:
D:1:      dpeg_arrival_rooms_a, patterned_corridor
D:2:      nemelex_spade_bored_becter, uniq_terence
D:3:      lemuel_upstairs_altar, bloody_makhleb, lemuel_crystal_altar,
          marbit_many_paths, ecumenical_altar_2, kennysheep_generic_room_8
D:4:      lemuel_doored_altar, minmay_overflow_temple_star_quad,
          kennysheep_mini, gup_sewer_entry_bowl

Action                   |  1- 3 |  4- 6 || total
-------------------------+-------+-------++-------
Melee: Unarmed           |    77 |    68 ||   145
  Use: Scroll            |       |     5 ||     5
  Eat: Chunk             |    12 |    12 ||    24

Vault maps used:
D:1:      dpeg_arrival_rooms_a, patterned_corridor
D:2:      nemelex_spade_bored_becter, uniq_terence
D:3:      lemuel_upstairs_altar, bloody_makhleb, lemuel_crystal_altar,
          marbit_many_paths, ecumenical_altar_2, kennysheep_generic_room_8
D:4:      lemuel_doored_altar, minmay_overflow_temple_star_quad,
          kennysheep_mini, gup_sewer_entry_bowl

Table legend:
 A = Turns spent in this place as a percentage of turns spent in the entire game.
 B = Non-inter-level travel turns spent in this place as a percentage of non-inter-level travel turns spent in the entire game.
 C = Inter-level travel turns spent in this place as a percentage of turns spent in this place.
 D = Turns resting spent in this place as a percentage of non-inter-level travel turns spent in this place.
 E = Turns spent auto-exploring this place as a percentage of non-inter-level travel turns spent in this place.
 F = Non-inter-level travel turns spent in this place divided by the number of levels of this place that you've seen.
                   A       B       C       D       E      F
               +-------+-------+-------+-------+-------+----------------------
         Total | 100.0 | 100.0 |   0.7 |   0.4 |  17.4 | 135.0
       Dungeon | 100.0 | 100.0 |   0.7 |   0.4 |  17.4 | 135.0
               +-------+-------+-------+-------+-------+----------------------

Table legend:
 A = Kills in this place as a percentage of kills in entire the game.
 B = Kills by you in this place as a percentage of kills by you in the entire game.
 C = Kills by friends in this place as a percentage of kills by friends in the entire game.
 D = Other kills in this place as a percentage of other kills in the entire game.
 E = Experience gained in this place as a percentage of experience gained in the entire game.
 F = Experience gained in this place divided by the number of levels of this place that you have seen.
                   A       B       C       D       E      F
               +-------+-------+-------+-------+-------+----------------------
         Total | 100.0 | 100.0 |  -nan |  -nan | 100.0 |  50.5
       Dungeon | 100.0 | 100.0 |  -nan |  -nan | 100.0 |  50.5
               +-------+-------+-------+-------+-------+----------------------
